 Dungeon Crawl Stone Soup version 0.17-a0-2220-g6fea741 (webtiles) character file.

633075 abixa the Conqueror (level 27, -3/338 HPs)
             Began as an Ogre Hunter on Oct 26, 2015.
             Was the Champion of Okawaru.
             Slain by a tentacled monstrosity (8 damage)
             ... on level 5 of the Vaults on Oct 28, 2015.
             The game lasted 06:06:12 (85143 turns).

abixa the Conqueror (Ogre Hunter)                  Turns: 85143, Time: 06:06:12

Health: -3/338     AC: 43    Str: 21    XL:     27
Magic:  5/10       EV: 12    Int: 14    God:    Okawaru [******]
Gold:   6249       SH:  0    Dex: 19    Spells: 1 memorised, 23 levels left

rFire  + . .     SeeInvis +     b - +9 great mace (antimagic)
rCold  + + .     Clarity  .     Z - +12 gold dragon armour
rNeg   + . .     SustAt   .     (no shield)
rPois  +         Gourm    .     T - +3 crown of Dyrovepreva {rElec Int+2 SInv}
rElec  +         Spirit   .     x - +1 cloak "Qag Vit" {Slay+5}
rCorr  .         Warding  .     (gloves unavailable)
rMut   .         Stasis   .     (boots unavailable)
MR     ++...                    r - amulet of Vitality {Regen+ HP+15}
Stlth  ..........               U - +5 ring of evasion
                                N - ring "Intylacw" {rC+ rN+ Str-4 Int+2} (curse)

@: lethally poisoned (-3 -> -4), finesse, drained, very resistant to hostile
enchantments, extremely unstealthy
A: unfitting armour, thin metallic scales 1, tough skin 1
a: Heroism, Finesse, Renounce Religion
}: 3/15 runes: serpentine, barnacled, abyssal


You were on level 5 of the Vaults.
You worshipped Okawaru.
Okawaru was exalted by your worship.
You were not hungry.

You visited 10 branches of the dungeon, and saw 50 of its levels.
You visited the Abyss 1 time.
You also visited: Labyrinth, Bailey and Ice Cave.

You collected 9458 gold pieces.
You spent 3209 gold pieces at shops.

Inventory:

Hand Weapons
 a - the +11 giant club of Okawaru's Wrath {elec, Str+2 Dex+4}
   (Okawaru gifted it to you on level 2 of the Shoals)

   Occasionally, upon striking a foe, it will discharge some electrical energy
   and cause terrible harm.
   It affects your strength (+2).
   It affects your dexterity (+4).
 b - a +9 antimagic great mace (weapon)
Missiles
 d - 156 large rocks
 y - 24 javelins of penetration (quivered)
Armour
 x - the +1 cloak "Qag Vit" (worn) {Slay+5}
   (Okawaru gifted it to you on level 2 of the Lair of Beasts)

   It affects your accuracy and damage with ranged weapons and melee attacks
   (+5).
 T - the +3 crown of Dyrovepreva (worn) {rElec Int+2 SInv}
   (You bought it in a shop on level 3 of the Elven Halls)

   It affects your intelligence (+2).
   It insulates you from electricity.
   It lets you see invisible.
 Z - a +12 gold dragon armour (worn)
Jewellery
 f - an uncursed ring of flight
 j - an uncursed amulet of resist corrosion
 m - an uncursed amulet of resist mutation
 r - the amulet of Vitality (around neck) {Regen+ HP+15}
   (You acquired it on level 3 of the Elven Halls)

   [amulet of regeneration]

   It affects your health (+15).
   It increases your rate of regeneration.
 E - the amulet of the Four Winds {Clar rN+ MR+++}
   (You took it off a spriggan berserker on level 4 of the Depths)

   [amulet of clarity]

   It provides mental clarity.
   It protects you from negative energy.
   It affects your resistance to hostile enchantments.
 L - the amulet "Issongab" {Inacc +Blink rC+ MP+9 Str+5}
   (You found it on level 3 of the Elven Halls)

   [amulet of inaccuracy]

   It reduces the accuracy of all your attacks.
   It affects your strength (+5).
   It protects you from cold.
   It affects your magic capacity (+9).
   It lets you blink.
 N - the cursed ring "Intylacw" (left hand) {rC+ rN+ Str-4 Int+2}
   (You found it on level 3 of the Depths)

   [ring of strength]

   It affects your strength (-4).
   It affects your intelligence (+2).
   It protects you from cold.
   It protects you from negative energy.
   It has a curse placed upon it.
 U - a +5 ring of evasion (right hand)
 V - an uncursed ring of sustain attributes
Wands
 w - a wand of heal wounds (3)
 D - a wand of disintegration (7)
 G - a wand of teleportation (2)
 W - a wand of digging (9)
Scrolls
 h - 8 scrolls of magic mapping
 l - 10 scrolls of fog
 n - a scroll of enchant weapon
 p - 9 scrolls of immolation
 z - 11 scrolls of blinking
 A - 26 scrolls of remove curse
 F - 14 scrolls of teleportation
 H - 3 scrolls of silence
 M - 10 scrolls of identify
Potions
 c - 9 potions of haste
 e - 11 potions of agility
 i - 15 potions of heal wounds
 t - 16 potions of curing
 u - 7 potions of might
 v - 5 potions of resistance
 C - 3 potions of berserk rage
 Y - 2 potions of cancellation
Comestibles
 g - 28 bread rations
 k - 4 chunks of flesh


   Skills:
 O Level 27(26.4) Fighting
 - Level 18.7(18.3) Maces & Flails
 + Level 22.5(22.0) Throwing
 + Level 19.6(19.1) Armour
 + Level 19.9(19.4) Dodging
 - Level 0.7(0.4) Stealth
 - Level 1.0(0.7) Unarmed Combat
 - Level 8.0(7.6) Invocations
 * Level 11.1(10.7) Evocations


You had 23 spell levels left.
You knew the following spells:

 Your Spells              Type           Power        Failure   Level  Hunger
a - Regeneration          Chrm/Necr      #.........   100%        3    ####...


Dungeon Overview and Level Annotations

Branches:
Dungeon (15/15)            Temple (1/1) D:5            Lair (8/8) D:8
 Shoals (4/4) Lair:5        Snake (4/4) Lair:3        Slime (0/6) Lair:8
    Orc (4/4) D:10            Elf (3/3) Orc:4        Vaults (5/5) D:13
  Crypt (0/3) Vaults:3     Depths (5/5) D:15           Hell (1/1)
    Zot (0/5) Depths:5
    Dis: Hell:1         Geh: Hell:1         Coc: Hell:1         Tar: Hell:1

Altars:
Ashenzari
Cheibriados
Dithmenos
Elyvilon
Fedhas
Gozag
Kikubaaqudgha
Makhleb
Nemelex Xobeh
Okawaru
Qazlal
Ru
Sif Muna
Trog
Vehumet
Xom
Yredelemnul
Zin
The Shining One
Beogh
Jiyva

Shops:
D:8 *[!*[   Orc:1 (   Orc:3 }   Orc:4 :[([   Elf:3 *![   Shoals:4 (
Vaults:2 *   Vaults:3 ([*   Vaults:4 (

Portals:
Hell: Depths:1 Depths:2 Depths:3 Depths:4 Depths:5
Abyss: Depths:3 Depths:4
Pandemonium: Depths:3 Depths:5
Ziggurat: Depths:3


Innate Abilities, Weirdness & Mutations

You are too large for most types of armour.
You have tough skin (AC +1).
You are partially covered in thin metallic scales (AC +2).


Message History

You kill the vault warden!
Okawaru accepts your kill.
The runic seals fade away.
The javelin of penetration barely misses the ironheart preserver.
You feel sick.
The quicksilver dragon breathes dispelling energy at you.
The bolt of dispelling energy hits you!
* * * LOW HITPOINT WARNING * * *
The golden dragon bites you but does no damage.
The golden dragon claws you!
* * * LOW HITPOINT WARNING * * *
The golden dragon misses you.
You hear two shouts!
You hear a shout!
You hear a shout!
You feel sick. The quicksilver dragon bites you.
* * * LOW HITPOINT WARNING * * *
The quicksilver dragon claws you but does no damage.
The phantasmal warrior hits you but does no damage.
The tentacled monstrosity tentacle-slaps you but does no damage. x2
The tentacled monstrosity tentacle-slaps you!
You die...

#..O.# ... ..
#..#....# .....
.c.#..#....##.....
#..#(.#....#......
.C..C#....#.....
....cX..D......#
#####..WWDCo.#####
......[DD@XC[.....
.....)[CDCp[[.....
..p...[cCp9([.....
.......)[[[[[.....
#####...(.(p.#####
............#
.....#....#(.#
###..#..(.###..
#..#....# ..#


You could see a shadow dragon, 2 tentacled monstrosities, an ironheart
preserver, a titan, a golden dragon, 2 storm dragons, a frost giant, a
quicksilver dragon, 3 stone giants, 2 vault wardens, 2 yaktaur captains, 2
ettins, an ogre mage, a war gargoyle, a vault sentinel, a phantasmal warrior, a
freezing wraith and an orc warrior.

Vanquished Creatures
  Mennas (Vaults:4)
  Boris (Vaults:4)
  Margery (Depths:5)
  Saint Roka (Orc:4)
  Vashnia (Snake:2)
  Geryon (Hell)
  Nikola (Snake:4)
  4 golden dragons
  2 profane servitors (Abyss:3)
  7 bone dragons
  3 hellephants (Abyss:3)
  Rupert (Orc:2)
  4 tentacled monstrosities
  5 liches
  Asterion (D:15)
  2 quicksilver dragons
  A titan (Depths:2)
  3 deep elf blademasters
  2 deep elf master archers (Elf:3)
  3 krakens
  7 tentacled starspawn (Abyss:3)
  An Executioner (Abyss:3)
  Gastronok (Lair:1)
  7 tengu reavers
  Kirke (D:15)
  A storm dragon (Depths:4)
  4 sphinxes
  13 greater nagas
  A draconian monk (Depths:5)
  5 shadow dragons
  Ilsuiw (Shoals:3)
  Wiglaf (Depths:2)
  Donald (Orc:4)
  17 frost giants
  Maud (Lair:6)
  5 iron dragons
  8 deep elf sorcerers
  Aizul (Snake:1)
  A cacodemon (Abyss:3)
  A juggernaut zombie (Depths:5)
  4 balrugs
  15 fire giants
  32 very ugly things
  17 vault wardens
  5 war gargoyles
  A draconian caller (Abyss:3)
  12 ironheart preservers
  2 spriggan defenders (Depths:5)
  A reaper (Depths:4)
  The ghost of skimmer the Blocker, a journeyman DsFi of Dithmenos (Lair:5)
  22 stone giants
  A caustic shrike skeleton (Depths:5)
  A green draconian (Depths:5)
  A juggernaut skeleton (Depths:3)
  6 deep elf demonologists
  5 dire elephants (Abyss:3)
  7 vampire knights
  A lorocyproca (Abyss:3)
  12 small abominations
  A purple draconian (Depths:5)
  3 deep elf annihilators (Elf:3)
  4 salamander stormcallers
  A red draconian (Depths:5)
  A yellow draconian (Depths:5)
  30 vault guards
  13 ettins
  A green death (Hell)
  4 merfolk javelineers
  7 deep elf death magi
  10 yaktaur captains
  7 merfolk impalers
  A quicksilver dragon zombie (Depths:5)
  10 deep elf high priests
  2 blizzard demons
  9 great orbs of eyes
  A minotaur (Lab)
  14 fire dragons
  14 ice dragons
  Fannar (Lair:1)
  17 hydras
  15 entropy weavers
  A juggernaut simulacrum (Depths:4)
  23 naga warriors
  The ghost of 4thArraOfDagon the Cruncher, a journeyman CeBe of Trog (Lair:8)
  An ice dragon (shapeshifter) (Depths:2)
  15 ogre magi
  Erolcha (Orc:2)
  8 spriggan air magi
  17 anacondas
  13 rakshasas
  7 merfolk avatars
  2 alligator snapping turtles
  6 merfolk aquamancers
  17 dancing weapons (Elf:2)
  13 centaur warriors
  A satyr (Shoals:4)
  22 tengu warriors
  16 naga sharpshooters
  11 deep troll shamans
  10 thrashing horrors (Abyss:3)
  2 titan zombies (Depths:5)
  16 spriggan berserkers
  A vampire mage (Depths:2)
  8 shock serpents
  4 sun demons
  11 deep troll earth magi
  Urug (Orc:1)
  An orc high priest (Orc:3)
  13 hell knights
  Sonja (Orc:2)
  2 iron golems (Depths:1)
  A titan skeleton (Depths:3)
  5 soul eaters
  15 deep elf knights
  14 wretched stars (Abyss:3)
  2 shadow wraiths
  3 storm dragon zombies
  5 ice devils
  2 spatial maelstroms (Abyss:3)
  A fire crab (Vaults:4)
  A storm dragon skeleton (Depths:2)
  32 deep trolls
  11 salamander mystics
  2 fire crabs (shapeshifter)
  28 skeletal warriors
  4 iron trolls
  2 golden dragon zombies
  19 sea snakes
  2 anaconda zombies (Hell)
  7 flayed ghosts
  3 giant orange brains
  7 deep elf conjurers
  12 naga ritualists
  11 deep elf summoners
  3 ice statues
  14 orc knights
  A shadow demon (Abyss:3)
  5 unseen horrors
  A shadow dragon zombie (Depths:5)
  3 phantasmal warriors
  Pikel (D:4)
  A tengu zombie (Depths:4)
  A sphinx zombie (Depths:2)
  An anubis guard (shapeshifter) (Vaults:3)
  4 iron dragon zombies (Depths:2)
  3 wizards
  14 hill giants
  14 mana vipers
  23 harpies
  12 necromancers
  3 golden dragon skeletons (Depths:3)
  2 hornets (shapeshifter)
  5 lindwurms
  2 oklob plants
  2 sphinx skeletons
  3 salamanders (shapeshifter)
  A shadow dragon skeleton (Depths:3)
  77 ugly things
  5 cyclopes
  A frost giant zombie (Depths:3)
  3 fauns (Shoals:2)
  2 orc sorcerers
  16 griffons
  6 hornets
  3 wolf spiders
  14 manticores
  8 ironbrand convokers
  9 salamanders
  7 sixfirhies
  3 stone giant zombies
  5 water nymphs
  6 worldbinders (Abyss:3)
  2 fire giant zombies (Depths:2)
  4 tengu skeletons (Depths:3)
  27 elephants
  36 slime creatures
  An apocalypse crab (Abyss:3)
  2 iron dragon skeletons
  43 black mambas
  2 fire giant skeletons (Depths:2)
  12 guardian serpents
  17 rust devils
  13 sirens
  3 frost giant skeletons
  An elephant (shapeshifter) (Depths:2)
  27 naga magi
  A titan simulacrum (Depths:2)
  A catoblepas zombie (Hell)
  12 vault sentinels
  4 molten gargoyles (Elf:1)
  8 torpor snails
  The ghost of xeno23 the Transmogrifier, a novice FeTm of Makhleb (Bailey)
  4 spriggan skeletons (Depths:3)
  2 yaktaurs (shapeshifter)
  3 orange demons
  8 smoke demons (Abyss:3)
  A demonic crawler (Abyss:3)
  An emperor scorpion zombie (Hell)
  3 kobold demonologists
  A guardian serpent (shapeshifter) (Depths:1)
  2 gargoyles (D:14)
  An eye of devastation (shapeshifter) (Vaults:4)
  A hellion (Hell)
  15 spiny frogs
  A hellwing (Abyss:3)
  2 golden dragon simulacra (Depths:4)
  8 tengu conjurers
  4 efreet
  10 komodo dragons
  A tormentor (Depths:5)
  A jumping spider (shapeshifter) (Vaults:5)
  2 komodo dragons (shapeshifter)
  An anaconda simulacrum (Hell)
  8 fire drakes
  15 trolls
  A jumping spider (D:15)
  A troll (shapeshifter) (D:14)
  6 red devils
  6 elf skeletons
  4 wind drakes
  67 yaktaurs
  A queen bee (shapeshifter) (Depths:4)
  16 deep elf priests
  36 merfolk
  The ghost of kosy22 the Covered, an amateur HOFi of Beogh (D:3)
  16 ancient zymes (Abyss:3)
  6 blue devils
  25 large abominations
  14 raiju (Abyss:3)
  16 blink frogs
  6 freezing wraiths
  2 giant leeches (Lair:8)
  A polar bear (Lair:7)
  19 two-headed ogres
  3 spriggan zombies
  A fire dragon zombie (Hell)
  7 boulder beetles
  2 wind drakes (shapeshifter)
  2 two-headed ogres (shapeshifter)
  7 snapping turtles
  An ettin zombie (Depths:2)
  A stone giant simulacrum (Vaults:1)
  6 air elementals
  3 shadows
  36 flying skulls
  6 spriggans
  45 starcursed masses (Abyss:3)
  2 frost giant simulacra (Abyss:3)
  Sigmund (D:2)
  A fire giant simulacrum (Depths:4)
  13 redbacks
  2 spriggans (shapeshifter)
  10 ynoxinuls (Abyss:3)
  A redback (shapeshifter) (Vaults:3)
  66 yaks
  A tarantella (shapeshifter) (Elf:3)
  2 vampires
  A human (shapeshifter) (Abyss:3)
  A fire bat (shapeshifter) (Depths:2)
  26 water elementals
  27 deep elf magi
  10 wyverns
  9 basilisks
  8 chaos spawn (Abyss:3)
  4 hungry ghosts
  6 neqoxecs (Abyss:3)
  4 fire elementals
  2 hogs (D:15)
  2 steam dragons (Lair:8)
  14 vampire mosquitoes
  8 wolves
  36 deep elf fighters
  12 fire bats
  2 golden eyes (Abyss:3)
  28 hippogriffs
  53 nagas
  10 wraiths
  5 spatial vortices (Abyss:3)
  4 wargs
  5 mottled dragons
  13 hell hounds
  A spiny frog zombie (Hell)
  A swamp drake (Lair:8)
  10 sky beasts
  Duvessa (D:5)
  16 water moccasins
  A human skeleton (Depths:3)
  68 orc warriors
  5 black bears
  3 necrophages
  A slave (D:4)
  15 porcupines
  An eye of draining (Abyss:3)
  14 wasps
  22 centaurs
  2 phantoms
  11 boggarts
  50 ogres
  8 ice beasts
  19 crocodiles
  3 elf zombies
  5 brain worms
  20 giant frogs
  3 big kobolds
  6 scorpions
  2 wyvern skeletons
  Dowan (D:5)
  3 killer bees (D:12)
  5 wights (D:6)
  4 electric eels
  2 giant frog zombies
  9 crimson imps
  5 centaur zombies
  4 quasits
  4 hounds
  8 centaur skeletons
  2 jellies
  Crazy Yiuf (D:2)
  32 orc wizards
  2 iron imps (Abyss:3)
  24 orc priests
  A hell rat (D:7)
  20 worker ants
  2 giant frog skeletons
  18 iguanas
  29 sheep
  A hound zombie (D:8)
  A naga skeleton (Abyss:3)
  2 hound skeletons
  20 adders
  9 gnolls
  4 shadow imps
  3 white imps (Abyss:3)
  36 river rats
  5 ufetubi (Abyss:3)
  2 oozes
  20 worms
  263 orcs
  7 bats
  8 giant cockroaches
  3 goblins
  6 hobgoblins
  6 jackals
  15 kobolds
  2 ball pythons
  A giant gecko (D:6)
  9 giant newts
  11 quokkas
  3 quokka skeletons
  12 rats
  A bush (Lair:5)
  2 fire vortices
  2 fungi
  9 plants
  2 starspawn tentacles (Abyss:3)
  11 tentacles
3158 creatures vanquished.

Vanquished Creatures (others)
  A fire giant (Depths:3)
  A deep elf demonologist (Vaults:5)
  A salamander stormcaller (Vaults:1)
  A blizzard demon (Depths:1)
  2 centaur warriors
  A spriggan berserker (Depths:5)
  A skeletal warrior (Depths:4)
  A hill giant (Vaults:1)
  A mana viper (Snake:4)
  A cyclops (Vaults:1)
  A griffon (Vaults:1)
  A deep elf conjurer (Elf:1)
  A black mamba (Snake:4)
  A troll (Vaults:1)
  A freezing wraith (Vaults:1)
  A sphinx simulacrum (Depths:4)
  A flying skull (Depths:4)
  A shadow (Depths:4)
  An elf zombie (Depths:2)
  2 golden eyes (Abyss:3)
  2 humans (D:15)
  A neqoxec (Abyss:3)
  A boggart (Depths:2)
  A large abomination (Abyss:3)
  A crocodile (Lair:8)
  An ogre (Vaults:1)
  A starcursed mass (Abyss:3)
  An iguana (D:14)
  An orc priest (D:15)
  A worker ant (D:4)
  An ufetubus (Abyss:3)
  An orc (D:15)
  2 bushes
  3 fire vortices (Depths:4)
  59 fungi
  A lurking horror (Abyss:3)
  46 plants
  18 starspawn tentacles (Abyss:3)
  103 starspawn tentacle segments (Abyss:3)
  25 tentacles
  1198 tentacle segments
1490 creatures vanquished.

Grand Total: 4648 creatures vanquished

Notes
Turn   | Place    | Note
--------------------------------------------------------------
     0 | D:1      | abixa the Ogre Hunter began the quest for the Orb.
     0 | D:1      | Reached XP level 1. HP: 22/22 MP: 1/1
   128 | D:1      | Reached XP level 2. HP: 26/31 MP: 2/2
   237 | D:1      | Reached skill level 1 in Maces & Flails
   883 | D:2      | Reached XP level 3. HP: 10/37 MP: 3/3
  1682 | D:2      | Noticed Sigmund
  2352 | D:2      | Reached XP level 4. HP: 20/45 MP: 4/4
  3348 | D:3      | Noticed kosy22's ghost (amateur HOFi)
  3477 | D:3      | Found a blossoming altar of Fedhas.
  3479 | D:3      | Found an ancient bone altar of Kikubaaqudgha.
  3687 | D:3      | Reached skill level 5 in Maces & Flails
  3911 | D:3      | Reached XP level 5. HP: 42/53 MP: 5/5
  5045 | D:4      | Noticed an ogre
  5051 | D:4      | Killed an ogre
  5096 | D:4      | Reached skill level 6 in Maces & Flails
  5096 | D:4      | Reached XP level 6. HP: 49/62 MP: 6/6
  5665 | D:4      | Noticed a slave
  5684 | D:4      | Killed a slave
  5693 | D:4      | Noticed Pikel
  5693 | D:4      | Noticed a slave
  5912 | D:3      | Killed kosy22's ghost
  5912 | D:3      | Reached skill level 8 in Maces & Flails
  5912 | D:3      | Reached XP level 7. HP: 44/70 MP: 7/7
  6126 | D:4      | Killed Pikel
  6126 | D:4      | Reached skill level 10 in Maces & Flails
  6126 | D:4      | Reached XP level 8. HP: 26/78 MP: 8/8
  6127 | D:4      | Noticed a freed slave
  6130 | D:4      | Noticed a freed slave
  6454 | D:2      | Killed Sigmund
  6454 | D:2      | Reached skill level 11 in Maces & Flails
  6596 | D:2      | Noticed Crazy Yiuf
  6616 | D:2      | Killed Crazy Yiuf
  6784 | D:5      | Entered Level 5 of the Dungeon
  6864 | D:5      | Found a staircase to the Ecumenical Temple.
  6918 | D:5      | Noticed Dowan
  6928 | Temple   | Entered the Ecumenical Temple
  6935 | Temple   | Became a worshipper of Warmaster Okawaru
  6950 | D:5      | Killed Dowan
  6950 | D:5      | Reached skill level 12 in Maces & Flails
  6959 | D:5      | Noticed Duvessa
  6965 | D:5      | Killed Duvessa
  7536 | D:5      | Reached skill level 13 in Maces & Flails
  7797 | D:6      | Reached XP level 9. HP: 79/87 MP: 9/9
  7799 | D:6      | Reached skill level 5 in Fighting
  7922 | D:5      | Reached * piety under Okawaru
  8651 | D:6      | Found a deep blue altar of Sif Muna.
  8659 | D:6      | Found a glowing golden altar of the Shining One.
  8660 | D:6      | Found a shattered altar of Ashenzari.
  8661 | D:6      | Found a bloodstained altar of Trog.
  8662 | D:6      | Found a sparkling altar of Nemelex Xobeh.
  8770 | D:7      | Reached ** piety under Okawaru
  8823 | D:7      | Reached skill level 10 in Fighting
  9325 | D:7      | Reached skill level 5 in Throwing
  9343 | D:7      | Reached XP level 10. HP: 103/113 MP: 10/10
  9397 | D:7      | Got a scorched mace
  9398 | D:7      | Identified the +10 mace of Saltpetre {antimagic, Str+2} (You found it on level 7 of the Dungeon)
  9484 | D:7      | Reached skill level 1 in Invocations
  9710 | D:8      | Found Vomil's Armour Shoppe.
  9998 | D:8      | Found Fucke's Antique Armour Boutique.
 10001 | D:8      | Found Efacluc's Assorted Antiques.
 10002 | D:8      | Bought an embroidered robe for 21 gold pieces
 10078 | D:8      | Reached *** piety under Okawaru
 10097 | D:8      | Bought a copper ring for 180 gold pieces
 10097 | D:8      | Bought a black potion for 32 gold pieces
 10097 | D:8      | Bought a cyan potion for 32 gold pieces
 10097 | D:8      | Bought a scroll of identify for 72 gold pieces
 10635 | D:8      | Found Iruhipp's Assorted Antiques.
 10651 | D:8      | Bought a white potion for 22 gold pieces
 10651 | D:8      | Bought a black potion for 22 gold pieces
 10651 | D:8      | Bought a scroll labeled ITUD JICYNY for 25 gold pieces
 10695 | D:8      | Found a staircase to the Lair.
 10741 | D:8      | Found Huippip's Distillery.
 10867 | Lair:1   | Entered Level 1 of the Lair of Beasts
 10903 | Lair:1   | Noticed Fannar
 10911 | Lair:1   | Killed Fannar
 10911 | Lair:1   | Reached **** piety under Okawaru
 11176 | Lair:1   | Noticed Gastronok
 11190 | Lair:1   | Killed Gastronok
 11190 | Lair:1   | Reached ***** piety under Okawaru
 11190 | Lair:1   | Received a gift from Okawaru
 11190 | Lair:1   | Reached skill level 14 in Maces & Flails
 11190 | Lair:1   | Reached XP level 11. HP: 118/118 MP: 1/12
 11431 | Lair:1   | Reached skill level 10 in Throwing
 12334 | Lair:1   | Noticed a five-headed hydra
 12344 | Lair:1   | Killed a five-headed hydra
 12344 | Lair:1   | Reached ****** piety under Okawaru
 12792 | Lair:1   | Noticed a seven-headed hydra
 12795 | Lair:1   | Killed a seven-headed hydra
 12795 | Lair:1   | Received a gift from Okawaru
 12803 | Lair:1   | Got a transparent dire flail {god gift}
 12809 | Lair:1   | Identified the +7 dire flail "Hentacw" {drain, Int+4} (Okawaru gifted it to you on level 1 of the Lair of Beasts)
 13192 | Lair:2   | Found a shadowy altar of Dithmenos.
 13507 | Lair:2   | Reached XP level 12. HP: 108/134 MP: 13/13
 13725 | Lair:2   | Received a gift from Okawaru
 13744 | Lair:2   | Got a smoking cloak {god gift}
 13755 | Lair:2   | Identified the +1 cloak "Qag Vit" {Slay+5} (Okawaru gifted it to you on level 2 of the Lair of Beasts)
 14163 | Lair:2   | Reached skill level 5 in Dodging
 14463 | Lair:3   | Found a labyrinth entrance.
 14472 | Lab      | Entered a labyrinth
 14746 | Lab      | Noticed a minotaur
 14755 | Lab      | Killed a minotaur
 14771 | Lab      | Identified Recu Zau's Grimoire of the Mutagenic Rocks
 15441 | Lair:3   | Noticed a five-headed hydra
 15691 | Lair:3   | Killed a five-headed hydra
 15807 | Lair:3   | Found a staircase to the Snake Pit.
 15990 | Lair:3   | Received a gift from Okawaru
 16906 | Lair:4   | Received a gift from Okawaru
 17063 | Lair:4   | Reached XP level 13. HP: 138/146 MP: 14/14
 17280 | Lair:4   | Reached skill level 5 in Invocations
 17405 | Lair:4   | Noticed a five-headed hydra
 17411 | Lair:4   | Killed a five-headed hydra
 17452 | Lair:4   | Noticed a five-headed hydra
 17466 | Lair:4   | Killed a five-headed hydra
 17895 | D:8      | Bought a potion of haste for 120 gold pieces
 17895 | D:8      | Bought a potion of poison for 12 gold pieces
 17895 | D:8      | Bought a potion of agility for 48 gold pieces
 17895 | D:8      | Bought a potion of heal wounds for 60 gold pieces
 17933 | D:8      | Bought a scroll labeled FAONUIP PALASE for 25 gold pieces
 17933 | D:8      | Bought a bubbling cyan potion for 22 gold pieces
 17933 | D:8      | Bought a scroll labeled VUEQAG VIEMOH for 25 gold pieces
 17935 | D:8      | Got a heavily jewelled robe
 17946 | D:8      | Identified the -5 robe of Misfortune {-Cast *Contam *Tele EV-4 Str-2 Int-2 Dex-2 Stlth-- *Curse} (You acquired it on level 8 of the Dungeon)
 17988 | D:8      | Gained mutation: You are dopey. (Int -2) [mutagenic glow]
 18648 | D:10     | Entered Level 10 of the Dungeon
 18650 | D:10     | Received a gift from Okawaru
 18781 | D:10     | Found a staircase to the Orcish Mines.
 18810 | D:10     | Received a gift from Okawaru
 19477 | Orc:1    | Entered Level 1 of the Orcish Mines
 19679 | D:10     | Reached skill level 15 in Fighting
 19987 | Orc:1    | Noticed Urug
 20001 | Orc:1    | Killed Urug
 20034 | Orc:1    | Found Rucah's Antique Weapon Boutique.
 20617 | Orc:3    | Found Rythroptey's Quality Used Wands.
 20696 | Orc:2    | Noticed Erolcha
 20708 | Orc:2    | Noticed Rupert
 20715 | Orc:2    | Killed Erolcha
 20733 | Orc:2    | Killed Rupert
 20733 | Orc:2    | Reached skill level 10 in Dodging
 20919 | Orc:2    | Noticed Sonja
 20951 | Orc:2    | Found a shimmering altar of Xom.
 21010 | Orc:2    | Found a bloodstained altar of Trog.
 21048 | Orc:2    | Killed Sonja
 21048 | Orc:2    | Reached XP level 14. HP: 103/159 MP: 20/20
 21396 | Orc:3    | Reached skill level 16 in Fighting
 22049 | Orc:4    | Entered Level 4 of the Orcish Mines
 22209 | Orc:4    | Received a gift from Okawaru
 22379 | Orc:4    | Found a staircase to the Elven Halls.
 22951 | Orc:4    | Found a roughly hewn altar of Beogh.
 23177 | Orc:4    | Reached skill level 17 in Fighting
 23375 | Orc:4    | Found Lezutao's Weapon Emporium.
 23375 | Orc:4    | Found Jiaxomp's Antique Armour Boutique.
 23377 | Orc:4    | Found Igicurev's Book Shop.
 23379 | Orc:4    | Found Axirgh's Antique Armour Shoppe.
 23663 | Orc:4    | Noticed Saint Roka
 23747 | Orc:4    | Noticed Donald
 23770 | Orc:4    | Killed Saint Roka
 23818 | Orc:4    | Killed Donald
 24859 | D:11     | Received a gift from Okawaru
 25544 | D:12     | Found a flagged portal.
 25561 | Bailey   | Entered a bailey
 25947 | Bailey   | Noticed xeno23's ghost (novice FeTm)
 25972 | Bailey   | Killed xeno23's ghost
 26430 | Bailey   | Reached skill level 18 in Fighting
 26761 | D:12     | Received a gift from Okawaru
 27010 | D:12     | Reached skill level 1 in Armour
 27637 | D:13     | Found a basalt altar of Yredelemnul.
 27659 | D:13     | Reached XP level 15. HP: 166/174 MP: 21/21
 27997 | D:13     | Reached skill level 5 in Armour
 28260 | D:13     | Found a gate to the Vaults.
 28356 | D:13     | Received a gift from Okawaru
 28512 | D:13     | Received a gift from Okawaru
 28975 | D:14     | You fall through a shaft!
 28975 | D:15     | Entered Level 15 of the Dungeon
 29034 | D:15     | Received a gift from Okawaru
 29272 | D:14     | Received a gift from Okawaru
 30171 | D:14     | Found a basalt altar of Yredelemnul.
 30429 | D:8      | Bought a scroll of identify for 72 gold pieces
 30563 | Lair:5   | Noticed skimmer's ghost (journeyman DsFi)
 30631 | Lair:5   | Received a gift from Okawaru
 30790 | Lair:5   | Received a gift from Okawaru
 30791 | Lair:5   | Got a bone dire flail {god gift}
 30797 | Lair:5   | Found a staircase to the Shoals.
 30871 | Lair:5   | Killed skimmer's ghost
 31444 | Lair:5   | Reached skill level 10 in Armour
 31454 | Lair:5   | Reached XP level 16. HP: 183/183 MP: 22/22
 31633 | Lair:6   | Found a frozen archway.
 31646 | IceCv    | Entered an ice cave
 31735 | Lair:6   | Identified the +4 dire flail of False Accusations {flame, rN+ MR+ MP+9} (Okawaru gifted it to you on level 5 of the Lair of Beasts)
 31787 | Lair:6   | Noticed Maud
 31811 | Lair:6   | Killed Maud
 32444 | Lair:7   | Received a gift from Okawaru
 32463 | Lair:7   | Received a gift from Okawaru
 33233 | Lair:7   | Received a gift from Okawaru
 33251 | Lair:7   | Got a fine robe {god gift}
 33262 | Lair:7   | Identified the +1 robe of the Moon {Int+6} (Okawaru gifted it to you on level 7 of the Lair of Beasts)
 33683 | Lair:8   | Entered Level 8 of the Lair of Beasts
 33964 | Lair:8   | Noticed 4thArraOfDagon's ghost (journeyman CeBe)
 33971 | Lair:8   | Killed 4thArraOfDagon's ghost
 34303 | Lair:7   | Received a gift from Okawaru
 34569 | Lair:8   | Found an iron altar of Okawaru.
 34805 | Lair:8   | Received a gift from Okawaru
 34831 | Lair:8   | Got a transparent giant spiked club {god gift}
 34832 | Lair:8   | Identified the +8 giant spiked club of Pann {drain, MP+9 Int+5} (Okawaru gifted it to you on level 8 of the Lair of Beasts)
 35074 | Lair:8   | Reached skill level 15 in Maces & Flails
 35175 | Lair:8   | Reached XP level 17. HP: 150/194 MP: 23/23
 35284 | Lair:8   | Found a staircase to the Slime Pits.
 35284 | Lair:8   | Found a viscous altar of Jiyva.
 35422 | Lair:8   | Found a runed door.
 35995 | Lair:1   | Upgraded the game from 0.17-a0-2208-ge5ab1d3 to 0.17-a0-2215-g49c1de0
 36082 | Shoals:1 | Entered Level 1 of the Shoals
 36116 | Shoals:1 | Received a gift from Okawaru
 36485 | Shoals:1 | Received a gift from Okawaru
 37862 | Shoals:2 | You fall through a shaft!
 38724 | Shoals:2 | Received a gift from Okawaru
 38980 | Shoals:2 | Received a gift from Okawaru
 38981 | Shoals:2 | Got a slimy giant club {god gift}
 39001 | Shoals:2 | Identified the +11 giant club of Okawaru's Wrath {elec, Str+2 Dex+4} (Okawaru gifted it to you on level 2 of the Shoals)
 39035 | Shoals:2 | Reached skill level 19 in Fighting
 39268 | Shoals:2 | Reached skill level 1 in Unarmed Combat
 40106 | Shoals:3 | Reached XP level 18. HP: 204/208 MP: 24/24
 40156 | Shoals:3 | Received a gift from Okawaru
 40749 | Snake:1  | Entered Level 1 of the Snake Pit
 40808 | Snake:1  | Received a gift from Okawaru
 41178 | Snake:1  | Noticed Aizul
 41192 | Snake:1  | Killed Aizul
 42511 | Snake:2  | Reached skill level 20 in Fighting
 42704 | Snake:2  | Received a gift from Okawaru
 43106 | Snake:2  | Noticed Vashnia
 43115 | Snake:2  | Killed Vashnia
 44240 | Snake:3  | Received a gift from Okawaru
 44862 | Snake:3  | Reached XP level 19. HP: 221/221 MP: 25/25
 45476 | Snake:4  | Entered Level 4 of the Snake Pit
 45722 | Snake:4  | Noticed Nikola
 45728 | Snake:4  | Killed Nikola
 46180 | Snake:4  | Reached skill level 15 in Throwing
 46610 | Snake:4  | Received a gift from Okawaru
 46840 | Snake:4  | Received a gift from Okawaru
 47641 | Snake:4  | Reached skill level 21 in Fighting
 48198 | Snake:4  | Received a gift from Okawaru
 48286 | Snake:4  | Received a gift from Okawaru
 48747 | Snake:4  | Received a gift from Okawaru
 48787 | Snake:4  | Reached XP level 20. HP: 217/234 MP: 26/26
 49051 | Snake:4  | Received a gift from Okawaru
 49162 | Snake:4  | Got a pitted dire flail {god gift}
 49404 | Snake:4  | Identified the +8 dire flail "Saw Cary" {distort, *Contam rN++} (Okawaru gifted it to you on level 4 of the Snake Pit)
 49476 | Snake:4  | Gained mutation: You are weak. (Str -2) [mutagenic glow]
 49498 | Snake:4  | Got a serpentine rune of Zot
 49505 | Snake:4  | Gained mutation: Your magical capacity is low (-10% MP). [mutagenic glow]
 49553 | Snake:4  | Gained mutation: Armour fits poorly on your strangely shaped body. [mutagenic glow]
 49608 | Snake:4  | Gained mutation: Scrolls take you a little longer to read. [mutagenic glow]
 49634 | Snake:4  | Gained mutation: You are very weak. (Str -4) [mutagenic glow]
 50137 | Shoals:2 | Received a gift from Okawaru
 50142 | Shoals:2 | Got a crude cloak {god gift}
 50248 | Shoals:4 | Entered Level 4 of the Shoals
 50428 | Shoals:4 | Noticed Ilsuiw
 50684 | Shoals:3 | HP: 5/235 [merfolk aquamancer/shard of ice (40)]
 51665 | Shoals:3 | Killed Ilsuiw
 51665 | Shoals:3 | Reached skill level 15 in Dodging
 52540 | Shoals:4 | Reached skill level 22 in Fighting
 52648 | Shoals:4 | Found Bowkya Mifu's Antique Weapon Shoppe.
 53239 | Shoals:4 | Got a barnacled rune of Zot
 53437 | Lair:1   | Identified the +0 cloak "Nijeprie" {rPois Dex+2} (Okawaru gifted it to you on level 2 of the Shoals)
 53732 | D:15     | Noticed Kirke
 53737 | D:15     | Killed Kirke
 53852 | D:15     | Received a gift from Okawaru
 54159 | D:15     | Found a staircase to the Depths.
 54167 | D:15     | Received a gift from Okawaru
 54670 | Vaults:1 | Entered Level 1 of the Vaults
 55503 | Vaults:1 | Reached XP level 21. HP: 245/247 MP: 24/24
 56523 | Vaults:1 | Received a gift from Okawaru
 56529 | Vaults:1 | Got a bloodstained cloak {god gift}
 56705 | Vaults:1 | Identified the +0 cloak "Xorampobb" {Str+4} (Okawaru gifted it to you on level 1 of the Vaults)
 57845 | Vaults:2 | Reached skill level 23 in Fighting
 58879 | Vaults:2 | Lost mutation: You are very weak. (Str -4) [potion of cure mutation]
 58879 | Vaults:2 | Lost mutation: Armour fits poorly on your strangely shaped body. [potion of cure mutation]
 58879 | Vaults:2 | Lost mutation: You are weak. (Str -2) [potion of cure mutation]
 58879 | Vaults:2 | Lost mutation: You are dopey. (Int -2) [potion of cure mutation]
 58879 | Vaults:2 | Lost mutation: Your magical capacity is low (-10% MP). [potion of cure mutation]
 58879 | Vaults:2 | Lost mutation: Scrolls take you a little longer to read. [potion of cure mutation]
 58917 | Vaults:2 | Received a gift from Okawaru
 58969 | Vaults:2 | Received a gift from Okawaru
 59460 | Vaults:2 | Received a gift from Okawaru
 59483 | Vaults:2 | Found Osibi's Assorted Antiques.
 59514 | Vaults:2 | Bought a scroll of acquirement for 1612 gold pieces
 59514 | Vaults:2 | Bought a scroll of identify for 62 gold pieces
 60416 | Vaults:3 | Found a staircase to the Crypt.
 60660 | Vaults:3 | Found Gozag's Assorted Antiques.
 60662 | Vaults:3 | Found Gozag's Antique Armour Shoppe.
 60672 | Vaults:3 | Found an opulent altar of Gozag.
 60728 | Vaults:3 | Received a gift from Okawaru
 60815 | Vaults:3 | Found Gozag's Antique Weapon Emporium.
 60837 | Vaults:3 | Reached XP level 22. HP: 259/261 MP: 28/28
 61711 | Vaults:4 | Received a gift from Okawaru
 61822 | Vaults:4 | Received a gift from Okawaru
 61933 | Vaults:4 | Received a gift from Okawaru
 61940 | Vaults:4 | Got a warped giant spiked club {god gift}
 61942 | Vaults:4 | Identified the +5 giant spiked club "Kiwai" {venom, Str+4 Int+7} (Okawaru gifted it to you on level 4 of the Vaults)
 62001 | Vaults:4 | Reached skill level 24 in Fighting
 62003 | Vaults:4 | Noticed Boris
 62032 | Vaults:4 | Killed Boris
 62503 | Vaults:4 | Found Labbaat's Weapon Boutique.
 62540 | Vaults:4 | Received a gift from Okawaru
 62563 | Vaults:4 | Got a jewelled hat {god gift}
 62566 | Vaults:4 | Identified the +0 hat of the Desert {rC- Str+6 Int+5} (Okawaru gifted it to you on level 4 of the Vaults)
 63421 | Elf:1    | Entered Level 1 of the Elven Halls
 63996 | Elf:1    | Identified the Guide on Evil Rites
 64796 | Elf:2    | Found a runed door.
 64826 | Elf:2    | Found a runed door.
 65309 | Elf:2    | Reached XP level 23. HP: 226/274 MP: 29/29
 65626 | Elf:3    | Entered Level 3 of the Elven Halls
 65694 | Elf:3    | Received a gift from Okawaru
 66183 | Elf:3    | Found Faba's Distillery.
 66440 | Elf:3    | Reached skill level 25 in Fighting
 66450 | Elf:3    | Reached skill level 15 in Armour
 66680 | Elf:3    | Found Reubish's Assorted Antiques.
 66771 | Elf:3    | Found Cate's Armour Boutique.
 66900 | Elf:3    | Bought the +3 crown of Dyrovepreva {rElec Int+2 SInv} for 745 gold pieces
 67046 | Elf:3    | Got a warped zirconium amulet
 67047 | Elf:3    | Identified the amulet "Issongab" {Inacc +Blink rC+ MP+9 Str+5} (You found it on level 3 of the Elven Halls)
 67206 | Elf:3    | Got a vibrating marble ring
 67282 | Elf:3    | Identified the ring "Noyretsa" {rC+ Dex+3} (You took it off a deep elf high priest on level 3 of the Elven Halls)
 67315 | Elf:3    | Received a gift from Okawaru
 67929 | Depths:1 | Entered Level 1 of the Depths
 67929 | Depths:1 | Noticed Asterion
 67941 | D:15     | Killed Asterion
 68148 | Depths:1 | Found a gateway to Hell.
 68964 | Depths:2 | Received a gift from Okawaru
 68984 | Depths:2 | Reached skill level 26 in Fighting
 69082 | Depths:2 | Identified the Guide on Darkness
 69196 | Depths:2 | Received a gift from Okawaru
 69445 | Depths:2 | Reached XP level 24. HP: 276/289 MP: 29/29
 69565 | Depths:2 | Received a gift from Okawaru
 69608 | Depths:2 | Received a gift from Okawaru
 69903 | Depths:2 | Received a gift from Okawaru
 70072 | Depths:2 | Noticed Wiglaf
 70101 | Depths:2 | Killed Wiglaf
 70318 | Depths:2 | Reached skill level 27 in Fighting
 70849 | Depths:2 | Received a gift from Okawaru
 71049 | Depths:2 | Got a flickering lead ring
 71050 | Depths:2 | Identified the ring "Pow Xyro" {rC+ Str+2} (You took it off a boggart on level 2 of the Depths)
 71317 | Depths:3 | Found a one-way gate leading to the halls of Pandemonium.
 71394 | Depths:3 | Found a gateway to a ziggurat.
 71406 | Depths:3 | Reached XP level 25. HP: 304/304 MP: 29/29
 71856 | Depths:3 | Found a one-way gate to the infinite horrors of the Abyss.
 72190 | Depths:3 | Got a transparent lapis lazuli ring
 72192 | Depths:3 | Identified the cursed ring "Intylacw" {rC+ rN+ Str-4 Int+2} (You found it on level 3 of the Depths)
 72238 | Depths:3 | Upgraded the game from 0.17-a0-2215-g49c1de0 to 0.17-a0-2220-g6fea741
 72780 | Depths:4 | Received a gift from Okawaru
 73242 | Depths:4 | Received a gift from Okawaru
 73406 | Depths:4 | Found a deep blue altar of Sif Muna.
 73479 | Depths:4 | Paralysed by a sphinx for 5 turns
 73491 | Depths:4 | Received a gift from Okawaru
 73518 | Depths:4 | Received a gift from Okawaru
 73745 | Depths:4 | Received a gift from Okawaru
 73832 | Depths:4 | Found a sparkling altar of Nemelex Xobeh.
 73897 | Depths:4 | Received a gift from Okawaru
 73940 | Depths:4 | Found a glowing silver altar of Zin.
 74615 | Depths:4 | Reached XP level 26. HP: 275/314 MP: 29/29
 74674 | Depths:4 | Got a crude cloak
 74675 | Depths:4 | Identified the -6 cloak of the Lair of Beasts {MP+9} (You found it on level 4 of the Depths)
 74679 | Depths:4 | Got a slimy giant club
 74680 | Depths:4 | Identified the +5 giant club "Panui" {crush, *Rage rPois rF- MR+} (You found it on level 4 of the Depths)
 74757 | Depths:4 | Received a gift from Okawaru
 74775 | Depths:4 | Gained mutation: You are partially covered in thin metallic scales (AC +2). [potion of beneficial mutation]
 74949 | Depths:4 | Found a shadowy altar of Dithmenos.
 75539 | Depths:5 | Entered Level 5 of the Depths
 75613 | Depths:5 | Noticed Margery
 75635 | Depths:5 | Killed Margery
 75635 | Depths:5 | Received a gift from Okawaru
 75643 | Depths:5 | Reached skill level 1 in Evocations
 76084 | Depths:5 | Paralysed by a vampire knight for 2 turns
 76086 | Depths:5 | HP: 12/329 [vampire knight/glaive (15)]
 76458 | Depths:5 | Found a gate to the Realm of Zot.
 77181 | Depths:5 | Received a gift from Okawaru
 77422 | Depths:5 | Paralysed by a vampire knight for 7 turns
 77563 | Depths:5 | Identified the Volume of Black Magic
 77915 | Depths:5 | Reached skill level 5 in Evocations
 77915 | Depths:5 | Reached XP level 27. HP: 217/323 MP: 29/29
 77931 | Depths:5 | Received a gift from Okawaru
 78200 | Depths:5 | Learned a level 3 spell: Regeneration
 78246 | Hell     | Entered the Vestibule of Hell
 78246 | Hell     | Noticed Geryon
 78264 | Hell     | Killed Geryon
 80518 | Depths:1 | Received a gift from Okawaru
 80903 | Depths:3 | Voluntarily entered the Abyss.
 80959 | Abyss:3  | Found a corrupted altar of Lugonu.
 81041 | Abyss:3  | Paralysed by accursed screaming for 1 turns
 81285 | Abyss:3  | Received a gift from Okawaru
 81627 | Abyss:3  | Paralysed by accursed screaming for 1 turns
 82882 | Abyss:3  | Got an abyssal rune of Zot
 83397 | Abyss:3  | Paralysed by accursed screaming for 1 turns
 83662 | Abyss:3  | Received a gift from Okawaru
 83663 | Abyss:3  | Got a wizard robe {god gift}
 83932 | Depths:3 | Escaped the Abyss
 84338 | Vaults:5 | Entered Level 5 of the Vaults
 84366 | Vaults:5 | Reached skill level 10 in Evocations
 84708 | Vaults:5 | Noticed Mennas
 84874 | Vaults:4 | Killed Mennas
 84894 | Vaults:4 | Got a dazzling large shield
 84895 | Vaults:4 | Identified the +4 large shield "Puci" {Int+6} (You took it off Mennas on level 4 of the Vaults)
 85142 | Vaults:5 | HP: 10/338 [golden dragon (9)]
 85143 | Vaults:5 | Slain by a tentacled monstrosity

Vault maps used:
D:1:      shiori_arrival_maze, minmay_misc_feat_x
D:2:      first_bread, uniq_sigmund, uniq_crazy_yiuf_cottage
D:3:      grunt_temple_overflow_growth_and_decay
D:4:      uniq_pikel
D:5:      temple_pool_b, uniq_duvessa
D:6:      grunt_temple_overflow_open
D:7:      grunt_ogre_cave
D:8:      dpeg_lair_monsters, serial_shops, nicolae_shop_crystal,
          nicolae_shop_temple_entry_statues_fountains, shop, shop,
          kennysheep_mini, serial_bayou_pond_d, kennysheep_generic_room_7
D:10:     hiddenorc2_lemuel, kennysheep_small_circle
D:11:     serial_bayou, serial_bayou_lake_a, serial_bayou_shore_b,
          serial_bayou_lagoon_a, serial_bayou_shore_b
D:12:     enter_bailey_8
D:13:     hangedman_vaults_entry_quadrant_bands, basic_altar, kennysheep_potato
D:14:     serial_co_window_serial, co_window_paths_b,
          co_window_of_opportunity_a, co_window_paths_a, co_window_paths_b,
          co_window_paths_a, co_window_broadway_a, co_window_broadway_b,
          co_window_unsneaky_path_e, co_window_corner_ca,
          co_window_of_opportunity_b, co_window_2corner, glass_columns_a,
          glass_columns_a, glass_columns_b, lemuel_tele_altar
D:15:     grunt_enter_depths_snipers, uniq_kirke
Temple:   nicolae_temple_no_exploring_needed
Lair:1:   forest_paths, serial_bayou_shore_a, uniq_gastronok, uniq_fannar
Lair:2:   lemuel_oklob_altar
Lair:3:   guppyfry_snake_entry_garden, lab_entry_generic, guppyfry_lair_drakes,
          grunt_megastairs_4
Lair:4:   zaba_anthole, minivault_24
Lair:5:   minmay_lair_venomous_thicket, elwin_shoals_entry_stream,
          minmay_lair_oklob_bushes, bh_autumn_forest_stairs
Lair:6:   portal_ice_cave_entry_pillars_02, uniq_maud
Lair:7:   eino_small_chamber_without_monster, nicolae_quartered_pool_super
Lair:8:   wormcave, guppyfry_lair_end_dragon, slime_altar_1, basic_altar,
          special_room
Shoals:2: nicolae_shoals_siren_and_animal_friends
Shoals:3: nicolae_shoals_water_elemental_grotto
Shoals:4: serial_shops, shop, shoals_end_grunt_ice, shoals_ilsuiw_ice
Snake:1:  lemuel_fruit_tree, grunt_megastairs_1, uniq_aizul
Snake:2:  cheibrodos_snake_ritualist_ritual, st_stairs_6,
          nicolae_snake_biting_tails, uniq_vashnia
Snake:4:  snake_pit_salamanders_mu, uniq_nikola
Orc:1:    serial_shops, nicolae_shop_waterfront, amalloy_card_club, uniq_urug
Orc:2:    basic_altar, trog_butcher_becter, uniq_erolcha, uniq_sonja,
          uniq_rupert
Orc:3:    nicolae_orc_pool_cavern, nicolae_for_you_no_charge
Orc:4:    st_orc_rangers, nicolae_orc_lava_tube, david_defended_altar_orc,
          uniq_donald, uniq_saint_roka
Elf:1:    eino_elf_arrival_customs, minmay_elf_necromancy,
          nicolae_elf_glass_and_crystal_pillar_2, minivault_8
Elf:2:    basic_stair_grate_trap
Elf:3:    minmay_elf_hall_quartered_circle, serial_shops, nicolae_shop_crystal,
          nicolae_shop_trees, shop, grunt_ministairs_3
Vaults:1: v_misc_19, v_misc_9, grunt_vaults_twisty, vaults_room_fours,
          nicolae_vaults_border_crossing, v_misc_4,
          nicolae_vaults_disjoint_gnomons, nicolae_vaults_little_squares_4,
          serial_ice_g, st_star, ontoclasm_vaults_fault, vaults_dpeg_diagonal,
          vaults_room_ringed_pool, grunt_vaults_hallway_short,
          nicolae_vaults_theta
Vaults:2: ontoclasm_vaults_ring_square, hangedman_vaults_hat,
          hangedman_vaults_cutoff, grunt_vaults_hallway_long,
          hangedman_vaults_restitches, nicolae_vaults_mini_display_case,
          grunt_vaults_hallway_short, nicolae_vaults_display_case, serial_shops,
          shop
Vaults:3: minmay_crypt_entry_nasty_monster, v_misc_13,
          ontoclasm_vaults_misaligned, nicolae_vaults_big_angled_halls,
          vaults_room_grunt_arrival_checkpoint, hangedman_vaults_stitches,
          vaults_standard_mumra_enter_the_diamond, stair_cage_open,
          nicolae_vaults_little_squares_4, vaults_dpeg_encased_lava,
          v_alt_pattern_1, kennysheep_vaults_gozag_temple
Vaults:4: ontoclasm_vaults_gallery, vaults_room_boxed, v_misc_13,
          vaults_mumra_lcd, v_misc_18, vaults_mumra_minichess_inversion,
          ontoclasm_vaults_decontamination, v_misc_19, v_misc_23,
          nicolae_vaults_what_the_h, ontoclasm_vaults_tryst,
          dpeg_vaults_monster_row, vaults_dpeg_spiral, nicolae_vaults_rhombus_6,
          v_alt_pattern_6, serial_shops, nicolae_shop_crystal, uniq_boris
Vaults:5: uniq_mennas
Depths:1: hell_entry, minmay_hedge_maze, kennysheep_cross_room,
          lemuel_flame_loot_1, uniq_asterion
Depths:2: hangedman_box_tower, hell_entry, special_room, hex_tiny, uniq_wiglaf
Depths:3: minmay_skeleton_keep, enter_ziggurat_a, pan_entry,
          abyss_entry_crystal, hell_entry
Depths:4: grunt_profane_halls, abyss_entry, serial_shops, hell_entry
Depths:5: evilmike_zot_entry_basic, hell_entry, special_room,
          rand_demon_pan_entry_3, lightli_fourway_metalbox, uniq_margery
Abyss:2:  abyss_furniture_001
Abyss:3:  minivault_4, evilmike_abyss_exit_1
Lab:      nicolae_lab_dead_adventurers, lab_statue, nicolae_lab_dead_end,
          lab_block, labyrinth_glass_1, lab_fountain
Bailey:   bailey_polearm_5, bailey
IceCv:    ice_cave_statue_garden_01

Action                   |  1- 3 |  4- 6 |  7- 9 | 10-12 | 13-15 | 16-18 | 19-21 | 22-24 | 25-27 || total
-------------------------+-------+-------+-------+-------+-------+-------+-------+-------+-------++-------
Melee: Short sword       |    42 |       |       |       |       |       |       |       |       ||    42
       Club              |   112 |       |       |       |       |       |       |       |       ||   112
       Whip              |     2 |   152 |       |       |       |       |       |       |       ||   154
       Giant club        |       |    37 |   228 |     3 |       |   426 |  1271 |  1301 |  2453 ||  5719
       Mace              |       |       |       |   235 |       |       |       |       |       ||   235
       Dire flail        |       |       |       |   221 |  1493 |   513 |     5 |       |       ||  2232
       Giant spiked club |       |       |       |       |       |   345 |       |       |       ||   345
       Staff             |       |       |       |       |       |     2 |       |       |       ||     2
       Great mace        |       |       |       |       |       |       |       |   132 |   125 ||   257
       Unarmed           |       |       |       |       |       |       |       |       |     5 ||     5
 Fire: Blowgun           |       |       |       |       |    15 |       |       |       |       ||    15
Throw: Javelin           |    13 |     7 |    19 |    17 |    21 |    85 |   111 |    50 |    11 ||   334
       Stone             |    10 |    20 |     5 |       |       |       |       |       |       ||    35
       Large rock        |     8 |     8 |     8 |    22 |    17 |    15 |     5 |    16 |     4 ||   103
       Tomahawk          |       |    18 |    22 |    21 |    59 |    34 |       |       |       ||   154
Invok: Heroism           |       |       |       |     3 |     5 |     1 |     5 |     1 |     3 ||    18
       Finesse           |       |       |       |       |     2 |     2 |     3 |     2 |     5 ||    14
 Abil: Evoke Flight      |       |       |       |       |       |       |       |       |     3 ||     3
Evoke: Wand              |       |       |       |       |       |       |       |       |     3 ||     3
  Use: Potion            |     2 |       |       |       |       |     1 |     3 |       |     2 ||     8
       Scroll            |       |       |       |    11 |    11 |     7 |    30 |     9 |    12 ||    80
 Stab: Sleeping          |       |     2 |       |       |     9 |       |       |       |       ||    11
       Distracted        |       |       |       |       |     3 |       |       |     1 |     1 ||     5
       Paralysed         |       |       |       |       |       |       |       |       |     1 ||     1
  Eat: Chunk             |     4 |    12 |    11 |    20 |    48 |    40 |    52 |    39 |    49 ||   275
       Beef jerky        |       |       |       |     2 |       |       |       |       |     2 ||     4
       Fruit             |       |       |       |       |       |     4 |     2 |     2 |     2 ||    10
       Bread ration      |       |       |       |       |       |       |       |       |     2 ||     2
